[Event "Hungarian Youth-ch U16 2022"]
[Site "Eger"]
[Date "2022.07.27"]
[Round "5.2"]
[White "Tran, David"]
[Black "Fule, Simon"]
[Result "1/2-1/2"]
[ECO "C74"]
[WhiteElo "2090"]
[BlackElo "2271"]
[Annotator "TA"]
[PlyCount "28"]
[EventDate "2022.07.21"]
[EventType "tourn"]
[EventCountry "HUN"]
[SourceTitle "playchess.com"]
[Source "ChessBase"]
[SourceQuality "1"]
[TimeControl "40/5400+30:1800+30"]

1. e4 {[%emt 0:00:33] Lautier,J} e5 2. Nf3 Nc6 3. Bb5 a6 4. Ba4 d6 5. c3 f5 6. exf5 Bxf5 7. O-O Bd3 8. Re1 Be7 9. Qb3 {[%emt 0:00:33] C74: Ruy Lopez: Deferred Steinitz: 5 c3 f5.} Rb8 10. c4 {[%emt 0:13:34] [#]} b5 $146 (10... e4 $11 {keeps the balance.}) ({Predecessor:} 10... e4 11. Ng5 Nf6 12. Nc3 O-O 13. Ncxe4 Nxe4 14. Nxe4 Ne5 15. Re3 b5 16. cxb5+ d5 17. Rxd3 Nxd3 18. Qxd3 dxe4 19. Qxe4 {½-½ (44) Topalov,V (2630)-Lautier,J (2655) Linares 1995 CBM 046 [Lautier,J]}) 11. Qxd3 bxa4 12. Qc2 Nb4 13. Qxa4+ (13. Qd1 $16) 13... Qd7 $14 14. Qb3 c5 {[%emt 0:06:57] Against d4.  Weighted Error Value: White=0.19 (very precise) /Black=0.21 (precise)} 1/2-1/2

[Event "Hungarian Youth-ch U16 2022"]
[Site "Eger"]
[Date "2022.07.27"]
[Round "5.3"]
[White "Borzsei, Andras"]
[Black "Szikszai, Bertalan"]
[Result "0-1"]
[ECO "D85"]
[WhiteElo "2002"]
[BlackElo "2153"]
[Annotator "TA"]
[PlyCount "136"]
[EventDate "2022.07.21"]
[EventType "tourn"]
[EventCountry "HUN"]
[SourceTitle "playchess.com"]
[Source "ChessBase"]
[SourceQuality "1"]
[TimeControl "40/5400+30:1800+30"]

1. d4 Nf6 2. c4 g6 3. Nc3 d5 4. cxd5 Nxd5 5. Bd2 Nb6 6. Bg5 Bg7 7. e3 c5 {[%emt 0:00:21] D85: Exchange Grünfeld: Unusual White 7th moves and lines with 7 Nf3.} 8. dxc5 Bxc3+ 9. bxc3 Qxd1+ {[%emt 0:00:27] The position is equal.} 10. Rxd1 N6d7 11. Bb5 f6 12. Bh4 {[%emt 0:02:44] [#]} a6 $146 ({Predecessor:} 12... Nc6 13. Rd5 e6 14. Rd6 Ke7 15. Bxc6 bxc6 16. Nf3 Ba6 17. Nd4 Nxc5 18. Rxc6 Rhc8 {1-0 (31) Carow,J (2234)-Krassowizkij,J (2348) Hannover 2012}) 13. Ba4 Kf8 14. Ne2 Nxc5 15. Bc2 Be6 16. Ra1 Bc4 17. Kd2 Kf7 18. e4 e5 19. Nc1 Nc6 20. Nb3 (20. Ke3 $142) 20... Ne6 (20... Na4 $17 {aiming for ...Rhd8+.} 21. Nd4 exd4 22. Bxa4 Rac8) 21. Bg3 $15 h5 22. h4 Rhd8+ 23. Ke3 Rac8 {[%emt 0:01:37] 0x0.0019ea8f7fe1dp-1022s more active pieces.} (23... a5 $17 24. Rad1 Rdc8) 24. Rhd1 Rxd1 25. Rxd1 Ke7 $36 {[%emt 0:00:15][%mdl 2048] Prevents Rd7+. Black has the initiative.} 26. Nd2 (26. Rb1 $15) 26... Na5 (26... Bxa2 $19 {[%cal Oc6d4] Strongly threatening ...Ncd4!} 27. Bd3 Na5) 27. Bd3 (27. Nxc4 $17 Nxc4+ 28. Ke2) 27... b5 (27... Bxa2 $19 28. Rc1 Bc4 29. Nxc4 Nxc4+ 30. Bxc4 Rxc4) 28. f3 $2 (28. Bb1 $17 {was necessary.}) 28... Bxd3 (28... Bxa2 $19 29. Ra1 Rxc3 $1 30. Rxa2 Nc5) 29. Kxd3 $17 Nc5+ $1 30. Kc2 Na4 31. Nb1 Nc4 {[%emt 0:02:10] Pair of Knights!} 32. Bf2 {[%emt 0:00:20] [#] Against Ne3+} (32. Rc1 $17 {might work better.}) 32... Na3+ $1 $19 33. Nxa3 Rxc3+ 34. Kb1 {[%emt 0:00:06][%cal Of2e1] Threatens to win with Be1!} Rxa3 {[%emt 0:00:07][%mdl 4096] Endgame KRB-KRN} 35. Be1 {[%emt 0:00:06] [#] Hoping for Bb4+.} Rc3 $1 36. Rd5 (36. Rc1 Rxc1+) 36... Rc4 37. Rd3 b4 (37... Nc5 $19 {and Black stays clearly on top.} 38. Rc3 Rxc3 39. Bxc3 Kd6) 38. a3 (38. Rd5 $142) 38... bxa3 39. Ka2 Nc5 40. Rd2 (40. Rxa3 $17 {was worth a try.} Kd6 41. Kb2) 40... Rd4 (40... Rc1 $19 41. Bf2 Nd3 $1 42. Kxa3 Nxf2 43. Rxf2 Rh1) 41. Rc2 $17 Nd3 42. Bc3 (42. Bd2 $142) 42... Rc4 43. Kb3 Rc6 44. Kxa3 Ke6 45. Kb3 Nc5+ 46. Kb4 Nb7 47. Ra2 Nd6 (47... a5+ $19 48. Kb3 Nc5+ 49. Kc2 a4) 48. Be1 {[%emt 0:02:37] [#]} (48. Kb3 $17) 48... f5 $1 $19 49. exf5+ gxf5 50. Re2 (50. Bf2 $17) 50... e4 51. Bg3 Rc4+ 52. Ka5 (52. Kb3 $142 Rd4 53. Ra2) 52... Nb5 53. Kxa6 Nc3 54. Re3 (54. Rc2) 54... Nd5 55. Re1 e3 56. Re2 {[%emt 0:13:19] Against Rc2} (56. Kb5 Rc2 57. Ra1) 56... f4 57. Be1 Ke5 (57... Rc1 $142 {White must now prevent ...Nc3.} 58. g3 Ke5 59. gxf4+ Kxf4) 58. Kb5 Rc1 59. g3 Nc3+ {[%emt 0:01:03] Black mates.} 60. Bxc3+ Rxc3 {[%emt 0:00:06] KR-KR} 61. Kb4 Rc8 62. Rg2 fxg3 63. Rxg3 Kf4 64. Rg7 Re8 65. Rg1 e2 66. Re1 Kxf3 67. Kc3 Kf2 68. Kd2 Rd8+ {[%emt 0:00:04] Weighted Error Value: White=0.70/Black=0.29 (precise)} 0-1

[Event "Hungarian Youth-ch U16 2022"]
[Site "Eger"]
[Date "2022.07.27"]
[Round "5.4"]
[White "Onodi, Tamas"]
[Black "Pasztor, Balazs"]
[Result "0-1"]
[ECO "B22"]
[WhiteElo "2030"]
[BlackElo "2336"]
[Annotator "TA"]
[PlyCount "76"]
[EventDate "2022.07.21"]
[EventType "tourn"]
[EventCountry "HUN"]
[SourceTitle "playchess.com"]
[Source "ChessBase"]
[SourceQuality "1"]
[TimeControl "40/5400+30:1800+30"]

1. e4 c5 2. c3 Nf6 3. e5 Nd5 4. d4 cxd4 5. Nf3 d6 6. Bc4 (6. Nxd4 dxe5 7. Nb5 e6 $15) 6... e6 {[%emt 0:13:37] B22: Sicilian: 2 c3.} 7. Bxd5 (7. cxd4 {feels hotter.} Be7 8. O-O O-O 9. Qe2) 7... exd5 8. exd6 ({Much weaker is} 8. Qxd4 Nc6 9. Qxd5 dxe5 10. Qxd8+ Kxd8 $15) 8... Bxd6 {[%emt 0:05:32] The position is equal.} 9. Nxd4 O-O 10. O-O Nc6 11. Be3 Qh4 {[%emt 0:11:31][%csl Gd6][%cal Rh4h2] [#]} 12. Nf3 $146 (12. g3 $5 Qh3 13. Qb3 $15) ({Predecessor:} 12. g3 Qh3 13. Qf3 Ne7 14. Nd2 Bg4 15. Qg2 Qh5 16. Rfe1 Bh3 17. Qf3 Bg4 18. Qg2 {0-1 (52) Jahncke,G (1886)-Zimmermann,J (2276) Bargteheide 2004}) 12... Qh5 13. Nbd2 Re8 14. Re1 Bd7 15. h3 Rad8 16. Nd4 Qg6 17. Qc2 Qf6 18. N2f3 {[%emt 0:01:41] And now Nxc6 would win. Pair of Knights!} h6 19. Qb3 Bc8 20. Kf1 Bc7 21. Rad1 Na5 22. Qc2 Nc4 23. Rd3 (23. Bc1 $11) 23... Ne5 {[%emt 0:07:24] Black is more active.} ({Better is} 23... Qa6 $1 $17 24. Bc1 Rxe1+ 25. Kxe1 Qxa2) 24. Nxe5 $11 Qxe5 25. Nf3 {[%emt 0:02:04][%csl LRa7,LRe5] Inhibits Qh2.} Qh5 {[%emt 0:00:43][%cal Oc8h3] White must now prevent ...Bxh3!} 26. Qd1 b6 {[%emt 0:02:27] Threatening ...Ba6.} 27. Nd4 Qg6 28. Rd2 Bh2 {[%emt 0:03:32] Strongly threatening ...Ba6+.} 29. Qf3 (29. Qa4 $11) 29... Re4 (29... Ba6+ $17 30. Ne2 Rd6) 30. Red1 $2 (30. Qe2 $15) 30... Rde8 {[%emt 0:00:42] aiming for ...Ba6+.} 31. Ne2 Bc7 (31... Ba6 $19 {has better winning chances. ...R8e6 is the strong threat.} 32. g4 Bf4 $1 33. Bxf4 Bxe2+ 34. Qxe2 Rxe2 35. Rxe2 Rxe2 36. Kxe2 Qe4+ 37. Be3 Qc4+ 38. Kf3 Qxa2) 32. Nd4 {[%emt 0:02:08] Prevents R8e6.} (32. Rd4 $17 {might work better.}) 32... Bh2 (32... f5 $142 $1 33. Nb5 Bh2 34. Rxd5 f4) 33. Ne2 $19 Bc7 (33... Ba6 $142 {Threatens to win with ...R8e6.} 34. g4 Bf4 $1 35. Bxf4 Bxe2+ 36. Qxe2 Rxe2 37. Rxe2 Rxe2 38. Kxe2 Qe4+ 39. Be3 Qc4+ 40. Kf3 Qxa2) 34. Nd4 {[%emt 0:00:07] [#] Against R8e6} f5 $1 35. Ne2 {[%emt 0:01:15] Prevents f4.} Ba6 36. Re1 $2 (36. Kg1) 36... f4 37. Bd4 Rxe2 38. Rexe2 Qb1+ {[%emt 0:00:20] Weighted Error Value: White=0.70/Black=0.37} 0-1

[Event "Hungarian Youth-ch U16 2022"]
[Site "Eger"]
[Date "2022.07.27"]
[Round "5.5"]
[White "Bodo, Boglarka"]
[Black "Kovacs, Veronika"]
[Result "1/2-1/2"]
[ECO "B10"]
[WhiteElo "1722"]
[BlackElo "1633"]
[Annotator "NA RC COMBH"]
[PlyCount "82"]
[EventDate "2022.07.21"]
[EventType "tourn"]
[EventCountry "HUN"]
[SourceTitle "playchess.com"]
[Source "ChessBase"]
[SourceQuality "1"]
[TimeControl "40/5400+30:1800+30"]

1. e4 c6 2. c4 d5 3. exd5 cxd5 4. cxd5 Nf6 5. Nc3 Nxd5 6. Nf3 e6 7. d4 Be7 8. Bc4 O-O 9. O-O Nc6 10. Re1 Bf6 11. Bxd5 exd5 12. h3 Be6 13. Bf4 Qb6 14. Na4 Qb5 15. Nc5 Nxd4 16. Nxd4 Qxc5 17. Nxe6 fxe6 18. Rxe6 Rad8 19. Rc1 Qb4 20. Qg4 Bxb2 21. Rb1 Rxf4 22. Qe2 Rdf8 23. Rxb2 Qd4 24. Re7 b5 25. Rd2 Qa1+ 26. Kh2 Qf6 27. Re6 Qf5 28. Re5 Qf6 29. Re6 Qg5 30. Re5 R4f5 31. Rexd5 Rxd5 32. Qe6+ Kh8 33. Qxd5 Qf4+ 34. Kg1 h6 35. Qd7 b4 36. Qe7 a5 37. Kh1 Rc8 38. Rd8+ Rxd8 39. Qxd8+ Kh7 40. Qxa5 Qxf2 41. Qxb4 Qxa2 1/2-1/2

[Event "Hungarian Youth-ch U16 2022"]
[Site "Eger"]
[Date "2022.07.27"]
[Round "5.6"]
[White "Harkai, Emma"]
[Black "Karacsonyi, Kata"]
[Result "0-1"]
[ECO "B22"]
[WhiteElo "1761"]
[BlackElo "2147"]
[Annotator "TA"]
[PlyCount "170"]
[EventDate "2022.07.21"]
[EventType "tourn"]
[EventCountry "HUN"]
[SourceTitle "playchess.com"]
[Source "ChessBase"]
[SourceQuality "1"]
[TimeControl "40/5400+30:1800+30"]

1. e4 c5 2. c3 d5 3. exd5 Qxd5 4. d4 g6 5. Be3 cxd4 6. cxd4 Bg7 7. Nc3 {[%emt 0:01:09] 7.Nf3 is more fashionable.} Qa5 8. Nf3 Nh6 {[%emt 0:02:25][%cal Bg8h6,Bh6f5,Bf5d6,Bd6c4,Bc4e3][%mdl 32] B06: Modern Defence.} 9. Bc4 O-O 10. O-O Nf5 {[%emt 0:03:18] The position is equal.} 11. Qb3 Nc6 {[%emt 0:12:11][%cal Rg7d4] [#]} (11... Nd7 $5 ) 12. Rfd1 $146 ({Predecessor:} 12. Rad1 Nd6 13. Be2 Bf5 14. Bf4 Qd8 15. Ne5 Na5 16. Qa4 Rc8 17. g4 Be6 18. d5 Bxe5 19. Bxe5 {0-1 (45) Nielsen,T (2136)-Samuelsen,C (2168) Eidi 2022}) 12... Qb4 13. Qxb4 Nxb4 14. Rac1 {[%emt 0:00:33] Prevents Nc2.} Nd6 15. Bb3 Bg4 16. Nd5 Nxd5 17. Bxd5 e6 18. h3 exd5 19. hxg4 Nc4 20. b3 Nxe3 21. fxe3 Rac8 {[%emt 0:07:04] Prevents Rc7.} 22. Kf2 b6 23. g5 (23. Ng5 $5 ) 23... Rfe8 24. Rh1 Bf8 25. Ke2 Ba3 26. Rxc8 Rxc8 $11 {[%emt 0:00:02][%mdl 4096] Endgame KRB-KRN} 27. Rf1 ({Better is} 27. Kd3 $11) 27... Rc2+ $15 28. Kd3 Rxg2 {[%emt 0:00:35] Black is more active.} 29. e4 dxe4+ ({Much worse is} 29... Rxa2 $6 30. exd5 Rb2 31. Ne5 $11) 30. Kxe4 Rxa2 (30... Be7 $17 31. Ne5 Bxg5 32. Nxf7 Rg4+ 33. Ke5 {[#]} Rf4 $1 34. Rxf4 Bxf4+ 35. Kf6 h5) 31. Ne5 $11 Rc2 {[%emt 0:05:17] Threatening ...Rc1.} 32. Nxf7 Rc7 33. Nh6+ Kg7 34. Kd3 (34. Kd5 $11) 34... Bc1 (34... Bb2 $17 {And now ...Rd7 would win.} 35. d5 Ba3) 35. Rg1 $2 {[%emt 0:00:10][%mdl 8192] [#]} (35. Nf7 $1 $11 {and White is okay.}) 35... Bxg5 $1 $19 36. Rxg5 {[%emt 0:00:26] Threatens to win with Ng4.} (36. Nf5+ gxf5) 36... Kxh6 {[%emt 0:00:07] KR-KR} 37. Re5 Kg7 38. d5 Kf7 39. Kd4 Re7 40. Rg5 Re1 41. Rg2 Ke7 42. Rh2 Kd6 43. Rxh7 Rd1+ 44. Kc4 Rxd5 {[%emt 0:02:40] aiming for ...g5.} 45. Rxa7 $2 (45. Rh6 Rc5+ 46. Kb4) 45... Kc6 $2 (45... b5+ 46. Kc3 g5) 46. Rg7 Rg5 (46... b5+ $19 47. Kc3 g5) 47. Kb4 $1 $11 Rg4+ 48. Ka3 $1 g5 {[%emt 0:03:15] ...b5 is the strong threat.} 49. Rg6+ Kb5 50. Rg8 Kc5 51. Rc8+ $1 Kd6 {[%emt 0:01:40] Hoping for ...Rf4.} 52. Rd8+ Kc7 53. Rg8 b5 54. b4 $1 Rg3+ 55. Kb2 g4 56. Rg5 Kc6 57. Kc2 Rg1 58. Kd2 g3 59. Kc2 Kd6 (59... g2 $11 60. Rg6+ Kd5) 60. Kb2 $17 Ke6 $2 (60... g2 $19 61. Rg3 Ke7) 61. Rxb5 $11 Kf6 (61... Rf1 $5 62. Rg5 Rf3 $11) 62. Rb8 Kf7 (62... g2 $5 63. Rg8 Kf7 $11) 63. Rb5 Kf6 (63... g2 $5 64. Rg5 Kf6 $11) 64. Rb8 Kg7 65. Rb5 Kf6 (65... g2 $5 66. Rg5+ Kf7 $11) 66. Rb8 Kf5 (66... g2 $5 67. Rg8 Kf7 $11) 67. Rf8+ Ke4 68. Re8+ Kf3 69. Rf8+ Ke4 70. Re8+ Kf3 71. Rf8+ Kg2 72. b5 Re1 {[%emt 0:00:17] ( -> ...Re5)} 73. Rf6 Re5 74. b6 Kg1 75. Ka2 g2 76. b7 $2 (76. Kb3 $11) 76... Ra5+ {[%emt 0:00:07] Black mates.} 77. Kb2 Rb5+ 78. Kc2 Rxb7 79. Kd2 Re7 80. Kd1 Re5 81. Rf7 Kh2 82. Rh7+ Kg3 83. Rg7+ Kf3 84. Rf7+ Kg4 85. Rg7+ Rg5 {[%emt 0:00:04] Weighted Error Value: White=0.25 (precise) /Black=0.34} 0-1

[Event "Hungarian Youth-ch U16 2022"]
[Site "Eger"]
[Date "2022.07.27"]
[Round "5.7"]
[White "Sipos, Stefania"]
[Black "Buri, Petra Zsuzsanna"]
[Result "0-1"]
[ECO "B51"]
[WhiteElo "1802"]
[BlackElo "1784"]
[Annotator "NA RC COMBH"]
[PlyCount "54"]
[EventDate "2022.07.21"]
[EventType "tourn"]
[EventCountry "HUN"]
[SourceTitle "playchess.com"]
[Source "ChessBase"]
[SourceQuality "1"]
[TimeControl "40/5400+30:1800+30"]

1. e4 c5 2. Nf3 d6 3. Bb5+ Nc6 4. O-O a6 5. Be2 Nf6 6. d3 e6 7. c3 Be7 8. Nbd2 d5 9. e5 Nd7 10. d4 O-O 11. Nb3 c4 12. Nbd2 f6 13. exf6 Bxf6 14. Re1 b5 $11 15. b3 Qc7 16. bxc4 bxc4 17. Nxc4 dxc4 18. Bxc4 {[%emt 0:02:50] [#]} Nxd4 $1 19. Nxd4 Qxc4 20. Nxe6 Re8 21. Nd4 Rxe1+ 22. Qxe1 Nf8 23. Qe4 Rb8 24. Bf4 Rb2 25. Rc1 Qxa2 26. Bg3 Bb7 27. Qe8 Rb1 0-1

[Event "Hungarian Youth-ch U16 2022"]
[Site "Eger"]
[Date "2022.07.28"]
[Round "6.1"]
[White "Muranyi, Peter"]
[Black "Onodi, Tamas"]
[Result "1-0"]
[ECO "D10"]
[WhiteElo "2018"]
[BlackElo "2030"]
[Annotator "TA"]
[PlyCount "93"]
[EventDate "2022.07.21"]
[EventType "tourn"]
[EventCountry "HUN"]
[SourceTitle "playchess.com"]
[Source "ChessBase"]
[SourceQuality "1"]
[TimeControl "40/5400+30:1800+30"]

1. d4 d5 2. c4 c6 3. cxd5 cxd5 4. Bf4 Nc6 5. Nc3 Nf6 6. e3 Bf5 7. Qb3 Na5 8. Qa4+ {[%emt 0:00:08] D10: Slav Defence: 3 cxd5 (without early Nf3) and 3 Nc3.} Bd7 9. Qc2 e6 10. Bd3 {[%emt 0:01:51] White is slightly better.} Be7 11. h3 {[%emt 0:01:01] [#]} h6 $146 ({Predecessor:} 11... Ne4 12. Bxe4 dxe4 13. Nxe4 Rc8 14. Nc3 b5 15. a3 Nc4 16. Nge2 a5 17. Qb3 O-O {½-½ (30) Navara,D (2730)-Najer,E (2674) Czech Republic 2016}) 12. Nf3 O-O 13. O-O Qb6 14. Ne5 Rfc8 15. Qe2 Be8 16. h4 h5 (16... Nh7 $11) 17. Bg5 $16 g6 18. g4 Qd8 19. f4 {[%emt 0:05:17] Strongly threatening Bxf6.} hxg4 {[%emt 0:00:20] [#]} (19... Nxg4 $1 $11 20. Nxg4 hxg4) 20. Nxg4 {[%emt 0:00:20] White is much more active. The black rooks are badly placed.} (20. f5 $1 $16 exf5 21. Bxf5) 20... Nh5 (20... Nxg4 $11 21. Qxg4 Nc4 22. Bxe7 Qxe7 23. Bxc4 Rxc4) 21. Bxe7 (21. f5 $5 ) 21... Qxe7 22. Qf2 {[%emt 0:00:55] Prevents Ng3.} (22. f5 $14) 22... Nc4 $15 23. Ne5 Nd6 24. Kh2 Qf6 25. Rg1 Kf8 $1 26. Rg5 b5 (26... Qh8 $11) 27. a3 (27. Rf1 $1 $14) 27... a5 28. Rag1 b4 29. axb4 axb4 30. Ne2 Ra2 31. Nc1 Ra1 32. Nb3 Rxg1 33. Qxg1 Nc4 (33... Nb7 $11 {remains equal.}) 34. Nc5 $36 {[%emt 0:01:10][%mdl 2048] Keeping Black busy.} Nxe5 (34... Qh8 $16 {is a better defense.}) 35. fxe5 $18 ({But not} 35. dxe5 $6 Qe7 36. Nb3 Ng7 $14) 35... Qe7 36. Qf2 Kg7 (36... Kg8 {was called for.} 37. Qg1 Kf8) 37. Be2 f6 38. Rg2 {[%emt 0:00:38] [#] aiming for Bxh5.} Kf7 $2 (38... Rxc5 39. dxc5 Qc7 40. Bxh5 Qxe5+ 41. Qf4 Qxh5 42. Qxb4 (42. Rf2 f5 $18) 42... d4) 39. Bxh5 gxh5 40. Qf3 Kf8 41. Qf4 Bf7 42. exf6 Qc7 43. Kg3 Qxf4+ 44. Kxf4 {[%emt 0:00:16] And now Ke5 would win.} Rc6 45. Ke5 Be8 46. Nxe6+ Kf7 47. Rg7# {[%emt 0:00:06] Weighted Error Value: White=0.17 (very precise) /Black=0.65} 1-0

[Event "Hungarian Youth-ch U16 2022"]
[Site "Eger"]
[Date "2022.07.28"]
[Round "6.5"]
[White "Sipos, Stefania"]
[Black "Bodo, Boglarka"]
[Result "1/2-1/2"]
[ECO "C24"]
[WhiteElo "1802"]
[BlackElo "1722"]
[Annotator "NA RC COMBH"]
[PlyCount "85"]
[EventDate "2022.07.21"]
[EventType "tourn"]
[EventCountry "HUN"]
[SourceTitle "playchess.com"]
[Source "ChessBase"]
[SourceQuality "1"]
[TimeControl "40/5400+30:1800+30"]

1. e4 e5 2. Bc4 Nf6 3. d4 d6 4. dxe5 dxe5 5. Bxf7+ Kxf7 6. Qxd8 Bb4+ 7. Qd2 Bxd2+ 8. Nxd2 Nc6 9. c3 Be6 10. Ne2 Rad8 11. O-O Rd3 12. Ng3 Rhd8 13. Nf3 h6 14. Be3 Bg4 15. Ne1 Rd1 16. Rxd1 Rxd1 17. Nc2 Rd3 18. h3 (18. Nb4 $16 Nxb4 19. cxb4) 18... Be6 19. a3 a5 20. Rc1 Ne8 21. Ne1 Rd8 22. Nf1 Nd6 23. Nd2 $1 Nc4 24. Nxc4 Bxc4 25. Kh2 a4 26. Rc2 Rd1 27. Nf3 $1 Bd3 28. Rd2 Rxd2 29. Nxd2 Ke6 30. Kg3 Na5 31. Kg4 Nc4 32. Nxc4 Bxc4 33. Kh5 (33. h4 $14) 33... Kf6 (33... Bf1 $11) 34. g3 (34. Kh4 $1 $14) 34... Bf1 35. g4 Be2 36. f4 exf4 $11 37. Bxf4 c6 38. e5+ Kf7 39. Be3 Bc4 40. Bd4 Be6 41. Kh4 g6 42. Be3 h5 43. gxh5 1/2-1/2

[Event "Hungarian Youth-ch U16 2022"]
[Site "Eger"]
[Date "2022.07.28"]
[Round "6.6"]
[White "Buri, Petra Zsuzsanna"]
[Black "Harkai, Emma"]
[Result "1-0"]
[ECO "C00"]
[WhiteElo "1784"]
[BlackElo "1761"]
[Annotator "NA RC COMBH"]
[PlyCount "83"]
[EventDate "2022.07.21"]
[EventType "tourn"]
[EventCountry "HUN"]
[SourceTitle "playchess.com"]
[Source "ChessBase"]
[SourceQuality "1"]
[TimeControl "40/5400+30:1800+30"]

1. e4 e6 2. d4 d5 3. Bd3 Nf6 4. e5 Nfd7 5. Nf3 c5 6. c3 Nc6 7. a3 c4 8. Bc2 Na5 9. O-O Be7 10. Nbd2 Qc7 11. Re1 b5 12. Nf1 O-O 13. Ng5 Bxg5 14. Bxg5 f5 15. Qh5 g6 16. Qh4 Nc6 17. Re3 Re8 18. Rh3 Nf8 19. Re1 a5 20. Ree3 b4 21. Bf6 bxa3 22. bxa3 Rb8 23. Ba4 Bb7 24. Qg5 Ba8 25. Rh6 Qf7 26. h4 Rec8 27. h5 Rc7 28. Rg3 Ne7 29. Bxe7 Rxe7 30. hxg6 Nxg6 31. Qh5 Kf8 32. Rgxg6 hxg6 33. Rh8+ Qg8 34. Rxg8+ Kxg8 35. Qxg6+ Rg7 36. Qxe6+ Kh8 37. Bc2 f4 38. Qh6+ Kg8 39. Qxf4 Bc6 40. Ng3 Rf8 41. Qh6 Bd7 42. Nh5 1-0

[Event "Hungarian Youth-ch U16 2022"]
[Site "Eger"]
[Date "2022.07.28"]
[Round "6.7"]
[White "Karacsonyi, Kata"]
[Black "Kovacs, Veronika"]
[Result "1/2-1/2"]
[ECO "B11"]
[WhiteElo "2147"]
[BlackElo "1633"]
[Annotator "TA"]
[PlyCount "77"]
[EventDate "2022.07.21"]
[EventType "tourn"]
[EventCountry "HUN"]
[SourceTitle "playchess.com"]
[Source "ChessBase"]
[SourceQuality "1"]
[TimeControl "40/5400+30:1800+30"]

1. e4 c6 2. Nf3 d5 3. Nc3 Bg4 4. h3 Bxf3 5. Qxf3 e6 6. Be2 Nf6 7. O-O Nbd7 8. d4 {[%emt 0:00:33] B11: Caro-Kann: Two Knights Variation.} Nxe4 9. Nxe4 dxe4 10. Qxe4 {[%emt 0:00:06] White has an edge.} Nf6 11. Qd3 Be7 12. Bf4 O-O 13. c3 {[%emt 0:06:02] [#]} Nd5 $146 ({Predecessor:} 13... Bd6 14. Bg5 h6 15. Bh4 Be7 16. f4 Nd5 17. Bg3 Bd6 18. c4 Nf6 19. Bh4 Be7 {1-0 (29) Gordon,F (1739)-Davis,L (1972) Terme Catez 2021}) 14. Be5 Bd6 15. f4 Bxe5 16. fxe5 Qg5 17. Qe4 Qe3+ (17... c5 $5) 18. Qxe3 Nxe3 19. Rf3 Nd5 20. g4 g5 {[%emt 0:08:51] The position is equal.} 21. h4 h6 22. hxg5 hxg5 23. Rh3 Nf4 24. Rh2 Kg7 25. Kf2 Rh8 26. Rah1 Rxh2+ 27. Rxh2 Rh8 28. Rxh8 Kxh8 $11 {[%emt 0:00:03][%mdl 4096] Endgame KB-KN} 29. Ke3 Kg7 30. Bf3 f6 31. c4 Kf7 32. b4 fxe5 33. dxe5 Ke7 34. a4 Kd7 35. Kd4 b6 36. a5 Kc7 37. axb6+ axb6 38. Ke3 Ng6 39. Kd4 {Inhibits c5+.  Weighted Error Value: White=0.05 (flawless) /Black=0.03 (flawless)} 1/2-1/2

[Event "Hungarian Youth-ch U16 2022"]
[Site "Eger"]
[Date "2022.07.29"]
[Round "7.1"]
[White "Pasztor, Balazs"]
[Black "Kocsmar, Akos"]
[Result "1-0"]
[ECO "B12"]
[WhiteElo "2336"]
[BlackElo "2061"]
[Annotator "TA"]
[PlyCount "117"]
[EventDate "2022.07.21"]
[EventType "tourn"]
[EventCountry "HUN"]
[SourceTitle "playchess.com"]
[Source "ChessBase"]
[SourceQuality "1"]
[TimeControl "40/5400+30:1800+30"]

1. e4 c6 2. d4 d5 3. e5 c5 4. Nf3 cxd4 5. Nxd4 Nc6 6. Nxc6 {[%emt 0:00:19] B12: Caro-Kann: Advance Variation.} bxc6 7. Bd3 Qc7 8. Qe2 {[%emt 0:04:11] The position is equal.} e6 9. Nd2 Bc5 10. O-O Ne7 11. Nf3 {[%emt 0:02:04] [#]} Bb7 $146 ({Predecessor:} 11... a5 12. Bf4 h6 13. c4 Ba6 14. Rac1 Qb6 15. b3 a4 16. Rb1 axb3 17. axb3 Qb7 {½-½ (62) Shaposhnikov,E (2588)-Mokshanov,A (2439) Ekaterinburg 2018}) 12. Bd2 a5 13. c4 dxc4 14. Bxc4 Nd5 15. Rac1 Qb6 (15... Be7 $14) 16. Rc2 (16. Ng5 $16) 16... Rd8 17. a3 (17. Ng5 {looks sharper.} h6 18. Qh5 g6 19. Qh3) 17... h6 18. Rfc1 (18. Qe1 $5 Ra8 19. Qe4 $14) 18... Be7 (18... Qa7 $1 $14 {was preferrable.}) 19. Qe1 $16 Ra8 20. Bxd5 cxd5 {[%emt 0:03:00] [#]} 21. Be3 $1 {[%emt 0:03:14] Prevents d4.} Qa6 22. b4 {[%emt 0:06:30] White is more active.} (22. Rc7 $14) 22... Bd8 $2 {[%emt 0:09:26] [#] Black is on the road to losing.} (22... axb4 $11 23. axb4 O-O) 23. Bc5 $1 $18 Rc8 (23... Bc6 $142 24. Nd4 Bb5) 24. Qe3 g5 $2 (24... axb4 25. axb4 Qa4) 25. Nd4 {[%emt 0:02:35] b5 is the strong threat.} axb4 26. axb4 Kd7 $2 (26... h5 27. Rc3 Qa4) 27. Qf3 Rh7 28. b5 Qa4 29. Qd3 Rh8 30. h3 h5 31. g3 g4 32. h4 Bc7 33. Qe3 {[%emt 0:00:53] Strongly threatening Qg5.} Bd8 {[%emt 0:03:02] Inhibits Qg5.} 34. Qf4 Rh7 35. Kh2 Ba8 36. Rc3 Rxc5 37. Rxc5 {[%emt 0:00:05] Black must now prevent Rc8.} Bb6 {[%emt 0:00:03] [#]} 38. Qd2 $1 Bxc5 (38... Bb7 39. Qc3) 39. Rxc5 {[%emt 0:00:08] Threatening mate with b6.} Qa7 40. Qb4 Qb6 41. Nc6 Ke8 42. Nd4 $2 (42. Kg1 $18) 42... Bb7 $2 (42... Kd7 $11 43. Rc2 Rh8) 43. Rc2 f6 44. exf6 {[%emt 0:02:07][%cal Ob4e1] aiming for Qe1!} Rf7 45. Re2 Rxf6 46. Qd2 Kd7 47. Kg1 Qc5 48. Qe3 {[%emt 0:01:16] Threatens to win with Qe5.} Qb6 49. Qe5 Rg6 50. Kh2 {[%emt 0:01:08] White threatens Qh8 and mate.} Rg8 {[%emt 0:00:45] Against Qh8} 51. Nxe6 Qd6 52. Qd4 {[%emt 0:01:38] White wants to mate with Qa7.} Re8 53. Nf4 $2 (53. Qa7 Rxe6 54. Qxb7+ Ke8 55. Ra2) 53... Rxe2 54. Nxe2 {[%emt 0:00:06] KQB-KQN} Qe7 $2 (54... Kc7 55. Nf4 Qb6) 55. Nf4 Qe1 56. Nxh5 {[%emt 0:00:44] And now Nf6+ would win.} Qf1 57. Nf6+ Kd6 58. Qb6+ Ke5 59. Nxg4+ {[%emt 0:00:20] Weighted Error Value: White=0.62/Black=1.02} 1-0